 Dungeon Crawl Stone Soup version 0.20.1-1-g8b1a95d (webtiles) character file.

68 Ladykiller69 the Charmwright (level 4, -2/33 HPs)
             Began as a Formicid Skald on Aug 29, 2017.
             Slain by Natasha (6 damage)
             ... on level 3 of the Dungeon.
             The game lasted 00:05:54 (2009 turns).

Ladykiller69 the Charmwright (Formicid Skald)       Turns: 2009, Time: 00:05:56

Health: -2/33      AC:  3    Str: 17    XL:     4   Next: 41%
Magic:  7/8        EV: 12    Int: 12    God:
Gold:   76         SH:  0    Dex: 10    Spells: 2/8 levels left

rFire    . . .     SeeInvis +   a - +0 hand axe
rCold    . . .     Gourm    .   (no shield)
rNeg     + . .     Faith    .   b - +0 leather armour
rPois    .         Spirit   .   (helmet unavailable)
rElec    .         Reflect  .   (no cloak)
rCorr    .         Harm     .   (no gloves)
MR       .....                  (no boots)
Stlth    +.........             (no amulet)
Regen    0.2/turn               h - ring of positive energy
MPRegen  0.2/turn               i - ring of wizardry

@: no status effects
A: permanent stasis, dig shafts and tunnels, four strong arms, antennae 3
a: Dig, Shaft Self


You were on level 3 of the Dungeon.
You were not hungry.

You visited 1 branch of the dungeon, and saw 3 of its levels.

You collected 76 gold pieces.

Inventory:

Hand Weapons
 a - a +0 hand axe (weapon)
Missiles
 l - 7 tomahawks
 o - 7 tomahawks of returning (quivered)
Armour
 b - a +0 leather armour (worn)
Jewellery
 f - an uncursed amulet of guardian spirit {unknown}
 h - a ring of positive energy (left hand)
 i - a ring of wizardry (right hand)
 k - a +4 ring of slaying {unknown}
 q - an uncursed amulet of regeneration {unknown}
Scrolls
 e - 3 scrolls of teleportation {unknown}
 j - a scroll of remove curse {unknown}
 n - a scroll of enchant weapon {unknown}
 p - a scroll of identify {unknown}
Potions
 g - a potion of ambrosia {unknown}
Books
 c - a book of Battle

   Spells                             Type                      Level
   a - Infusion                       Charms                       1
   b - Shroud of Golubria             Charms/Translocation         2
   c - Song of Slaying                Charms                       2
   d - Spectral Weapon                Hexes/Charms                 3
   e - Regeneration                   Charms/Necromancy            3
Comestibles
 d - 2 bread rations
 m - 4 fruits


   Skills:
 - Level 2.1 Fighting
 + Level 2.8 Axes
 - Level 1.1 Armour
 - Level 2.0 Dodging
 + Level 2.9 Spellcasting
 * Level 1.9 Hexes
 - Level 3.0 Charms
 - Level 1.0 Translocations


You had 2 spell levels left.
You knew the following spells:

 Your Spells              Type           Power        Failure   Level  Hunger
a - Infusion              Chrm           #...         3%          1    #......
b - Shroud of Golubria    Chrm/Tloc      #.........   9%          2    ###....
c - Spectral Weapon       Hex/Chrm       #.......     13%         3    ###....


Dungeon Overview and Level Annotations

Branches:
Dungeon (3/15)

Altars:

Annotations:
D:3 Natasha


Innate Abilities, Weirdness & Mutations

You cannot be hasted, slowed, berserked, paralysed or teleported.
You can dig through walls and to a lower floor.
Your four strong arms can wield two-handed weapons with a shield.
You have a pair of large antennae on your head. (SInv)


Message History

Your spectral weapon fades away.
Natasha claws you but does no damage.
You barely miss Natasha.
Natasha is almost dead.
Natasha claws you.
You barely miss Natasha.
Natasha is almost dead.
Natasha stares at you and mumbles some strange words.
The magic dart hits you!
You closely miss Natasha.
Natasha is almost dead.
Natasha misses you. Natasha claws you!
You closely miss Natasha.
Natasha is almost dead.
Natasha claws you.
* * * LOW HITPOINT WARNING * * *
You barely miss Natasha.
Natasha is almost dead.
Natasha claws you.
You die...

$#.#.).########.
...$..#........
#..............
#..#.#.<.......
#..#.##(.......
#..#..{........
####.#.###..{...#.
#....h## #......#
#...†@# #....h.#
#.....# #......#
#.....# #......#
#.....# ########
........#
.########


You could see Natasha.

Vanquished Creatures
  3 adders
  A worm (D:2)
  2 leopard geckos (D:2)
  4 bats
  6 giant cockroaches
  A goblin (D:2)
  5 hobgoblins
  2 frilled lizards (D:2)
  8 kobolds
  6 rats
38 creatures vanquished.

Notes
Turn   | Place    | Note
-------+----------+-------------------------------------------
     0 | D:1      | Ladykiller69 the Formicid Skald began the quest for the Orb.
     0 | D:1      | Reached XP level 1. HP: 16/16 MP: 3/3
   135 | D:1      | Reached XP level 2. HP: 13/22 MP: 0/5
   524 | D:1      | Learned a level 2 spell: Shroud of Golubria
  1002 | D:2      | Reached XP level 3. HP: 27/27 MP: 0/6
  1267 | D:2      | Reached skill level 1 in Translocations
  1363 | D:2      | Learned a level 3 spell: Spectral Weapon
  1710 | D:2      | Reached skill level 1 in Hexes
  1731 | D:2      | Reached XP level 4. HP: 33/33 MP: 3/8
  1981 | D:3      | Noticed Natasha
  2009 | D:3      | Slain by Natasha

Skill      XL: |  1  2  3 |
---------------+----------+-----
Dodging        | 2 |  2.0
Translocations | 1 |  1.0
Hexes          | 1 |  1.9
Fighting       | |  2.1
Axes           | |  2.8
Armour         | |  1.1
Spellcasting   | |  2.9
Charms         | |  3.0

Action                   |  1- 3 |  4- 6 || total
-------------------------+-------+-------++-------
Melee: Hand axe          |    85 |    27 ||   112
Throw: Tomahawk          |     5 |       ||     5
 Cast: Infusion          |    12 |     1 ||    13
       Shroud of Golubri |     4 |       ||     4
       Spectral Weapon   |     1 |     2 ||     3
 Abil: Dig               |     1 |     2 ||     3
  Eat: Chunk             |     3 |     2 ||     5
Armor: Leather armour    |    30 |     6 ||    36
Dodge: Dodged            |    58 |    21 ||    79
